 Dungeon Crawl Stone Soup version 0.19.1 (webtiles) character file.

919 Coco the Insei (level 8, 0/54 HPs)
             Began as a Human Transmuter on May 7, 2017.
             Was a Follower of Cheibriados.
             Slain by Blork the orc
             ... wielding a +5 broad axe of freezing
              (1 damage)
             ... on level 5 of the Dungeon.
             The game lasted 00:20:30 (6097 turns).

Coco the Insei (Human Transmuter)                   Turns: 6097, Time: 00:20:31

Health: 0/54       AC:  2    Str: 12    XL:     8   Next: 31%
Magic:  7/13       EV: 22    Int: 17    God:    Cheibriados [*.....]
Gold:   227        SH:  0    Dex: 22    Spells: 4 memorised, 4 levels left

rFire  . . .     SeeInvis .       - Unarmed
rCold  + . .     Gourm    .     (armour currently unavailable)
rNeg   . . .     Faith    .     (shield currently unavailable)
rPois  x         Spirit   .     (helmet currently unavailable)
rElec  .         Reflect  .     (cloak currently unavailable)
rCorr  .         Harm     .     (gloves currently unavailable)
MR     .....                    (boots currently unavailable)
Stlth  ++........               (no amulet)
                                (no ring)
                                y - ring of protection from cold

@: lethally poisoned (0 -> 0), spider-form (expiring), very slightly
contaminated, very slow
A: no striking features
a: End Transformation, Bend Time, Renounce Religion


You were on level 5 of the Dungeon.
You worshipped Cheibriados.
Cheibriados was aware of your devotion.
You were hungry.
You were a venomous arachnid creature.
You visited 1 branch of the dungeon, and saw 5 of its levels.

You collected 227 gold pieces.

Inventory:

Hand Weapons
 o - a +0 hunting sling
 z - a +0 blowgun
Missiles
 a - 65 arrows
 k - 14 bolts
 q - 84 stones (quivered)
 r - 52 sling bullets
 A - 22 poisoned needles
 F - 5 steel tomahawks
 H - 4 tomahawks
Armour
 b - a +0 robe (melded)
 w - a +2 buckler
Jewellery
 y - a ring of protection from cold (left front leg)
Scrolls
 e - 4 scrolls of identify {unknown}
 f - a scroll of teleportation {unknown}
 i - a scroll of enchant weapon {unknown}
 j - 2 scrolls of random uselessness {unknown}
 l - a scroll of enchant armour {unknown}
 s - a scroll of remove curse {unknown}
 C - 2 scrolls of fear {unknown}
 E - a scroll of noise {unknown}
Potions
 h - a potion of brilliance {unknown}
 m - a potion of ambrosia {unknown}
 t - 2 potions of might
 x - a potion of magic {unknown}
 D - a potion of berserk rage {unknown}
Books
 c - a book of Changes

   Spells                             Type                      Level
   a - Beastly Appendage              Transmutation                1
   b - Sticks to Snakes               Transmutation                2
   c - Spider Form                    Transmutation/Poison         3
   d - Ice Form                       Ice/Transmutation            4
   e - Blade Hands                    Transmutation                5
Comestibles
 d - 7 bread rations
 g - a royal jelly
 n - a meat ration
 p - a slice of pizza
 v - 4 fruits
 B - 15 chunks of flesh
 G - a beef jerky


   Skills:
 + Level 1.3 Fighting
 + Level 3.2 Dodging
 + Level 1.9 Stealth
 + Level 6.4 Unarmed Combat
 + Level 3.7 Spellcasting
 + Level 4.5 Transmutations
 - Level 2.1 Poison Magic


You had 4 spell levels left.
You knew the following spells:

 Your Spells              Type           Power        Failure   Level  Hunger
a - Beastly Appendage     Tmut           ###...       10%         1    None
b - Sticks to Snakes      Tmut           ###.....     14%         2    ##.....
c - Spider Form           Tmut/Pois      ##........   32%         3    ###....
d - Ice Form              Ice/Tmut       ##......     87%         4    ####...


Dungeon Overview and Level Annotations

Branches:
Dungeon (5/15)
 Temple: D:4-7

Altars:
Cheibriados
Dithmenos

Shops:
D:5 *

Annotations:
D:5 Blork the orc; rhysdieslots's ghost, novice DrBe


Message History

You miscast Spider Form.
You are very lightly contaminated with residual magic.
Your hands glow momentarily.
Blork the orc hits you with a broad axe of freezing.
* * * LOW HITPOINT WARNING * * *
Blork the orc freezes you.
* * * LOW HITPOINT WARNING * * *
Casting: Spider Form
Confirm with . or Enter, or press ? or * to list all spells.
You turn into a venomous arachnid creature.
Your +0 robe melds into your body.
You are feeling hungry.
Blork the orc completely misses you.
Unknown command.
Your transformation is almost over.
You feel sick.
Blork the orc hits you with a broad axe of freezing.
* * * LOW HITPOINT WARNING * * *
Blork the orc freezes you.
You die...

#.# #.. ##'## #.# #...#
#.# .∩.# #.# ... #.#
##'# #######.# ##..#
#.....#.#
#...#####.<...#.########
#.....Wos..............#
#...#####........#####.#
##.### #.........# ##.##
#.#.## ######...## #...#
#....# ##.## #.#..
#.....# #.# #[<.#
.......# #.# ####.
##%....## ##'## #.
##...## ##...## #.


You could see Blork the orc and rhysdieslots's ghost.

Vanquished Creatures
  A phantom (D:4)
  A crimson imp (D:4)
  3 hounds
  An orc wizard (D:4)
  5 orc priests
  An iguana (D:4)
  Ijyb (D:3)
  5 worker ants
  9 gnolls
  A howler monkey skeleton (D:4)
  10 adders
  A shadow imp (D:5)
  3 oozes
  4 worms
  A dart slug (D:1)
  28 orcs
  2 ball pythons
  4 giant cockroaches
  11 goblins
  11 hobgoblins
  6 jackals
  7 kobolds
  5 quokkas (D:4)
  7 bats
  8 frilled lizards
  9 rats
145 creatures vanquished.

Notes
Turn   | Place    | Note
-------+----------+-------------------------------------------
     0 | D:1      | Coco the Human Transmuter began the quest for the Orb.
     0 | D:1      | Reached XP level 1. HP: 15/15 MP: 3/3
    93 | D:1      | Reached XP level 2. HP: 21/21 MP: 3/5
   117 | D:1      | Learned a level 2 spell: Sticks to Snakes
   278 | D:1      | Reached XP level 3. HP: 20/26 MP: 4/6
   425 | D:1      | Learned a level 3 spell: Spider Form
  1042 | D:2      | Reached XP level 4. HP: 15/32 MP: 4/7
  1216 | D:1      | Reached skill level 1 in Poison Magic
  1489 | D:2      | Reached XP level 5. HP: 37/37 MP: 4/8
  1558 | D:2      | Found a faded altar of an unknown god.
  1654 | D:2      | Reached skill level 4 in Unarmed Combat
  2098 | D:3      | Found a shadowy altar of Dithmenos.
  2098 | D:3      | Noticed Ijyb
  2107 | D:3      | Killed Ijyb
  2222 | D:3      | Reached XP level 6. HP: 35/43 MP: 5/9
  2281 | D:3      | Learned a level 4 spell: Ice Form
  3446 | D:4      | Reached skill level 1 in Stealth
  3517 | D:4      | Reached skill level 5 in Unarmed Combat
  3587 | D:4      | Reached XP level 7. HP: 46/48 MP: 8/11
  4456 | D:3      | Found a snail-covered altar of Cheibriados.
  4464 | D:3      | HP: 2/48 [poisoned by a worker ant]
  4465 | D:3      | Became a worshipper of Cheibriados the Contemplative
  4980 | D:3      | Reached skill level 6 in Unarmed Combat
  4984 | D:3      | Reached XP level 8. HP: 19/54 MP: 10/13
  5549 | D:5      | Entered Level 5 of the Dungeon
  5956 | D:5      | Reached * piety under Cheibriados
  6075 | D:5      | Found Dazobox's Serpentskin Sales.
  6076 | D:5      | Noticed Blork the orc
  6085 | D:5      | Noticed rhysdieslots's ghost (novice DrBe)
  6097 | D:5      | HP: 1/54 [Blork the orc/broad axe of freezing (6)]
  6097 | D:5      | Slain by Blork the orc

Skill      XL: |  1  2  3  4  5  6  7 |
---------------+----------------------+-----
Poison Magic   | 1 2 |  2.1
Transmutations | 3 4 |  4.5
Unarmed Combat | 4 5 6 |  6.4
Spellcasting   | 3 |  3.7
Stealth        | 1 |  1.9
Dodging        | 3 |  3.2
Fighting       | |  1.3

Action                   |  1- 3 |  4- 6 |  7- 9 || total
-------------------------+-------+-------+-------++-------
Melee: Unarmed           |    83 |   178 |   147 ||   408
       Kick              |    12 |     4 |     4 ||    20
       Headbutt          |     3 |     1 |       ||     4
 Cast: Beastly Appendage |    12 |    17 |     2 ||    31
       Spider Form       |     2 |    23 |    24 ||    49
 Abil: End Transformatio |     1 |    18 |     7 ||    26
  Use: Potion            |     1 |     2 |     2 ||     5
 Stab: Sleeping          |       |     3 |       ||     3
  Eat: Chunk             |     1 |    12 |    10 ||    23
Armor: Robe              |     8 |     7 |     1 ||    16
       Skin              |       |     4 |     6 ||    10
Dodge: Dodged            |    50 |   118 |   109 ||   277
